 Dungeon Crawl Stone Soup version 0.21-a0-150-gc243083 (webtiles) character file.

15284 drasked the Severer (level 11, 0/105 HPs)
             Began as a Minotaur Berserker on July 28, 2017.
             Was a High Priest of Trog.
             Slain by a blink frog (6 damage)
             ... on level 2 of the Lair of Beasts.
             The game lasted 00:29:29 (14393 turns).

drasked the Severer (Minotaur Berserker)           Turns: 14393, Time: 00:29:30

Health: 0/105      AC:  9    Str: 23    XL:     11   Next: 99%
Magic:  3/3        EV: 12    Int:  8    God:    Trog [*****.]
Gold:   606        SH:  0    Dex: 10    Spells: 10/10 levels left

rFire    + . .     SeeInvis .   Q - +1 battleaxe (antimagic)
rCold    . . .     Gourm    .   (shield currently unavailable)
rNeg     . . .     Faith    .   S - +2 leather armour "Sikhigg" {*Corrode rPois rF+ Int+2}
rPois    +         Spirit   .   (helmet restricted)
rElec    .         Reflect  .   r - +0 cloak
rCorr    .         Harm     .   (no gloves)
MR       .....                  l - +1 pair of boots
Stlth    +.........             (no amulet)
HPRegen  0.27/turn              (no ring)
MPRegen  0.08/turn              (no ring)

@: berserk cooldown, slowed, very slow
A: retaliatory headbutt, horns 2
a: Berserk, Trog's Hand, Brothers in Arms, Burn Spellbooks, Renounce Religion


You were on level 2 of the Lair of Beasts.
You worshipped Trog.
Trog was extremely pleased with you.
You were hungry.

You visited 2 branches of the dungeon, and saw 12 of its levels.
You also visited: Ossuary.

You collected 738 gold pieces.
You spent 132 gold pieces at shops.

Inventory:

Hand Weapons
 u - a +1 hand axe of draining
   (You found it on level 3 of the Dungeon)
 Q - a +1 antimagic battleaxe (weapon)
   (Trog gifted it to you on level 10 of the Dungeon)
Missiles
 B - 2 throwing nets {=f, !d}
 L - 8 silver javelins (quivered)
Armour
 l - a +1 pair of boots (worn)
   (You found it on level 1 of the Dungeon)
 r - a +0 cloak (worn)
   (You found it on level 2 of the Dungeon)
 C - a +0 chain mail
   (You found it on level 4 of the Dungeon)
 R - a scarf of spirit shield
   (You found it on level 1 of the Lair of Beasts)
 S - the +2 leather armour "Sikhigg" (worn) {*Corrode rPois rF+ Int+2}
   (You found it on level 2 of the Lair of Beasts)

   It affects your intelligence (+2).
   It protects you from fire.
   It protects you from poison.
   It may corrode you when you take damage.
Wands
 J - a wand of iceblast (7/15)
   (You found it on level 8 of the Dungeon)
 M - a wand of lightning (5/15)
   (You found it on level 10 of the Dungeon)
 O - a wand of flame (40/48)
   (You found it on level 9 of the Dungeon)
Scrolls
 e - 12 scrolls of teleportation
 g - 2 scrolls of enchant armour
 h - 7 scrolls of remove curse
 i - 10 scrolls of identify
 m - 6 scrolls of fog
 y - 2 scrolls of fear
 D - a scroll of enchant weapon
 E - a scroll of brand weapon {unknown}
 F - a scroll of noise {unknown}
 H - a scroll of recharging
 K - a scroll of vulnerability {unknown}
Potions
 a - 2 potions of invisibility {unknown}
 b - a potion of degeneration {unknown}
 f - 11 potions of curing
 j - 2 potions of lignification {unknown}
 k - 3 potions of resistance
 o - 5 potions of heal wounds
 p - a potion of agility {unknown}
 q - 4 potions of ambrosia {unknown}
 s - a potion of mutation {unknown}
 t - 2 potions of brilliance {unknown}
 v - 2 potions of magic {unknown}
 w - a potion of experience {unknown}
 x - 3 potions of haste {unknown}
 z - 2 potions of cancellation {unknown}
 A - a potion of might {unknown}
 G - a potion of flight
Books
 N - a book of Party Tricks
   (You found it on level 10 of the Dungeon)
Miscellaneous
 P - a lightning rod (4/4)
   (You found it on level 1 of the Lair of Beasts)
Comestibles
 c - 11 bread rations {@e1}
 d - 11 meat rations {@e2}
 n - a royal jelly
 I - 5 fruits
 T - 6 chunks of flesh {@w0}


   Skills:
 + Level 12.7 Fighting
 * Level 17.2 Axes
 + Level 8.2 Armour
 - Level 2.1 Dodging


You had 10 spell levels left.
You didn't know any spells.

Dungeon Overview and Level Annotations

Branches:
Dungeon (10/15)            Temple (0/1) D:4            Lair (2/6) D:10
 Shoals (0/4) Lair:2        Snake (0/4) Lair:2          Orc (0/2) D:10

Altars:
Elyvilon
Okawaru
Xom
Yredelemnul
Zin
The Shining One

Shops:
D:6 !   D:8 :=   D:9 :


Innate Abilities, Weirdness & Mutations

You reflexively headbutt those who attack you in melee.
You have a pair of horns on your head.


Message History

You slice the blink frog!!
You kill the blink frog!
Trog accepts your kill.
The blink frog blinks!
You slice the crocodile!! You headbutt the crocodile!
The blink frog blinks!
The crocodile bites you.
You take 5 damage, and have 47/105 hp.
You hit the crocodile.
You kill the crocodile!
Trog accepts your kill.
You closely miss the blink frog. The blink frog hits you.
The blink frog blinks!
You take 1 damage, and have 46/105 hp.
The blink frog blinks!
The blink frog hits you.
The blink frog blinks!
You take 2 damage, and have 44/105 hp.
The blink frog blinks!
Unknown command.
Things that are here:
a blink frog corpse x2
You butcher the blink frog corpse.
T - 9 chunks of flesh {@w0} (gained 2)
You see here a blink frog corpse.
You start resting.
You regained 3 hp, and now have 49/105 hp.
You hit the blink frog.
The blink frog's magic leaks into the air.
The blink frog hits you but does no damage.
The blink frog hits you!
The blink frog blinks!
You take 10 damage, and have 39/105 hp.
Some of the chunks of flesh in your inventory have rotted away.
A spiny frog comes into view.
The spiny frog gives a loud, deep croak!
The blink frog blinks!
You barely miss the blink frog. Your headbutt misses the blink frog.
The blink frog hits you!
* * * LOW HITPOINT WARNING * * *
The blink frog blinks!
You take 10 damage, and have 30/105 hp.
You see here a black bear skeleton.
The blink frog blinks!
You closely miss the blink frog. Your headbutt misses the blink frog.
The blink frog hits you but does no damage.
The blink frog barely misses you. You furiously retaliate!
You headbutt the blink frog, but do no damage.
The blink frog hits you.
* * * LOW HITPOINT WARNING * * *
The blink frog blinks!
The blink frog misses you.
You take 5 damage, and have 27/105 hp.
You barely miss the blink frog. You miss the blink frog.
The blink frog closely misses you. You furiously retaliate!
You headbutt the blink frog. The blink frog hits you!
* * * LOW HITPOINT WARNING * * *
The blink frog blinks!
You take 8 damage, and have 19/105 hp.
A red film seems to cover your vision as you go berserk!
You feel yourself moving faster!
You feel mighty!
You are feeling hungry.
The blink frog barely misses you.
You now have 29/157 hp.
You slice the spiny frog!! You closely miss the blink frog.
You completely miss the spiny frog. You slash the blink frog!
The blink frog's magic leaks into the air.
The blink frog hits you.
* * * LOW HITPOINT WARNING * * *
You take 2 damage, and have 27/157 hp.
You closely miss the spiny frog. You slash the blink frog!
The blink frog's magic leaks into the air.
The spiny frog barely misses you. You furiously retaliate!
You headbutt the spiny frog, but do no damage.
The blink frog hits you.
* * * LOW HITPOINT WARNING * * *
You take 5 damage, and have 22/157 hp.
You slice the spiny frog!!
You kill the spiny frog!
Trog accepts your kill.
You barely miss the blink frog. You slice the blink frog!!
You kill the blink frog!
Trog accepts your kill.
You slice the blink frog!!
The blink frog's magic leaks into the air.
The blink frog barely misses you.
You miss the blink frog. Your headbutt misses the blink frog.
The blink frog blinks!
You miss the blink frog. You closely miss the blink frog.
The blink frog blinks!
You see here a blink frog corpse.
You feel a strong urge to attack something.
The blink frog blinks!
You are no longer berserk.
Trog's vigour flows through your veins.
You are exhausted.
You feel yourself slow down.
You now have 16/105 hp.
The blink frog blinks!
You closely miss the blink frog. The blink frog hits you!
* * * LOW HITPOINT WARNING * * *
The blink frog hits you.
You die...

.. #.# #...#
#...#. #.# ##.P#
..#..# #.#####.##
..##.###.#.##..#
........F......#
#. ...
.#..##.#.##..## .
.....
##.#§..#.##..#
..#.#..
#..#†######.P#
P...... #....@#
#.## #.....
##..F.# ... .
..h.. #..### .#.
#..>#.†## #÷..#
#. #.....##
##†.##
#...##.###>..##
#.. #........P#
... ##........#
#...!.?..###....#


You could see a blink frog.

Vanquished Creatures
  Harold (D:10)
  A two-headed ogre (D:10)
  An elephant (D:10)
  A black mamba (Lair:1)
  Psyche (D:9)
  3 spiny frogs
  8 hippogriffs
  10 blink frogs
  Sigmund (D:2)
  A spriggan (D:7)
  2 wyverns (D:10)
  A basilisk (D:10)
  A hungry ghost (D:9)
  Grum (D:9)
  Eustachio (D:6)
  4 nagas (Lair:2)
  3 water moccasins
  3 porcupines
  3 phantoms
  3 orc warriors
  5 black bears
  3 sky beasts
  4 ice beasts
  2 ogres
  9 wolves
  4 crocodiles
  3 centaurs
  2 big kobolds
  7 bullfrogs
  5 scorpions
  6 killer bees (D:8)
  6 electric eels (D:7)
  4 howler monkeys
  7 crimson imps
  A centaur zombie (D:5)
  2 quasits
  4 hounds
  2 jellies
  2 centaur skeletons
  A bullfrog skeleton (D:10)
  6 orc priests
  Jessica (D:3)
  4 iguanas
  5 worker ants
  Natasha (thrice) (D:3)
  6 orc wizards
  A big kobold zombie (Ossuary)
  A hound zombie (D:6)
  A hound skeleton (D:9)
  9 mummies
  2 worker ant zombies (D:10)
  12 gnolls
  A howler monkey skeleton (D:9)
  13 adders
  An ooze (D:7)
  3 adder zombies
  A worm (D:3)
  2 dart slugs
  7 leopard geckos
  28 orcs
  3 ball pythons
  5 giant cockroaches
  A gnoll zombie (Ossuary)
  9 goblins
  12 hobgoblins
  9 jackals
  3 quokkas
  4 bats
  2 giant cockroach zombies
  3 hobgoblin zombies (Ossuary)
  A jackal skeleton (D:5)
  18 kobolds
  A kobold zombie (Ossuary)
  2 orc zombies (Ossuary)
  6 rats
  A spectral orc (D:7)
  2 fungi
  A plant (Lair:2)
319 creatures vanquished.

Vanquished Creatures (others)
  5 fungi
  6 plants (Lair:2)
11 creatures vanquished.

Grand Total: 330 creatures vanquished

Notes
Turn   | Place    | Note
-------+----------+-------------------------------------------
     0 | D:1      | drasked the Minotaur Berserker began the quest for the Orb.
     0 | D:1      | Reached XP level 1. HP: 19/19 MP: 0/0
    53 | D:1      | Reached skill level 4 in Axes
    82 | D:1      | Reached XP level 2. HP: 27/27 MP: 1/1
   103 | D:1      | Reached skill level 4 in Fighting
   831 | D:1      | Reached XP level 3. HP: 32/33 MP: 2/2
  1237 | D:2      | Reached ** piety under Trog
  1329 | D:2      | Noticed Sigmund
  1506 | D:2      | Killed Sigmund
  1506 | D:2      | Reached skill level 5 in Fighting
  1506 | D:2      | Reached skill level 6 in Axes
  1506 | D:2      | Reached XP level 4. HP: 33/42 MP: 3/3
  1506 | D:2      | Reached XP level 5. HP: 38/48 MP: 4/4
  1739 | D:2      | Found a glowing silver altar of Zin.
  2080 | D:3      | Found an iron altar of Okawaru.
  2128 | D:3      | Found a faded altar of an unknown god.
  2205 | D:3      | Noticed Natasha
  2214 | D:3      | Killed Natasha
  2214 | D:3      | Reached skill level 7 in Axes
  2214 | D:3      | Reached XP level 6. HP: 37/56 MP: 5/5
  2250 | D:3      | Noticed Natasha
  2262 | D:3      | Killed Natasha
  2325 | D:3      | Noticed Jessica
  2326 | D:3      | Reached *** piety under Trog
  2331 | D:3      | Killed Jessica
  2630 | D:3      | Noticed Natasha
  2635 | D:3      | Killed Natasha
  2930 | D:4      | Found a staircase to the Ecumenical Temple.
  3109 | D:4      | Reached skill level 6 in Fighting
  3261 | D:4      | Found a sand-covered staircase.
  3267 | D:4      | Reached skill level 8 in Axes
  3272 | Ossuary  | Entered an ossuary
  3373 | Ossuary  | Reached XP level 7. HP: 51/63 MP: 6/6
  4216 | D:5      | Entered Level 5 of the Dungeon
  4257 | D:5      | Reached **** piety under Trog
  4267 | D:5      | Found a shimmering altar of Xom.
  4407 | D:5      | Reached skill level 9 in Axes
  4580 | D:5      | Reached skill level 7 in Fighting
  5264 | D:6      | Reached XP level 8. HP: 68/73 MP: 7/7
  5285 | D:6      | Reached skill level 10 in Axes
  5355 | D:6      | Found Tokafiz's Distillery.
  5377 | D:6      | Bought a potion of flight for 36 gold pieces
  5377 | D:6      | Bought a potion of heal wounds for 60 gold pieces
  5377 | D:6      | Bought a potion of curing for 36 gold pieces
  5491 | D:6      | Reached skill level 8 in Fighting
  5511 | D:6      | Noticed Eustachio
  5536 | D:6      | Killed Eustachio
  5536 | D:6      | Reached skill level 11 in Axes
  6379 | D:7      | Reached XP level 9. HP: 70/82 MP: 8/8
  6451 | D:7      | Reached skill level 9 in Fighting
  6452 | D:7      | HP: 14/83 [electric eel/bolt of electricity (10)]
  6865 | D:7      | Reached skill level 12 in Axes
  6881 | D:7      | Reached ***** piety under Trog
  8157 | D:7      | Found a basalt altar of Yredelemnul.
  8213 | D:8      | Reached skill level 13 in Axes
  8373 | D:8      | Reached skill level 10 in Fighting
  8542 | D:8      | Received a gift from Trog
  8724 | D:8      | Found Siuck's Book Shoppe.
  8809 | D:8      | Reached skill level 14 in Axes
  8809 | D:8      | Reached XP level 10. HP: 73/94 MP: 9/9
  9239 | D:8      | Found Abaufob's Jewellery Shoppe.
  9278 | D:8      | Reached skill level 3 in Armour
  9545 | D:9      | Received a gift from Trog
  9635 | D:9      | Found Orcham's Book Boutique.
  9787 | D:9      | Found a glowing golden altar of the Shining One.
  9929 | D:9      | Noticed Psyche
  9935 | D:9      | Killed Psyche
  9935 | D:9      | Reached skill level 4 in Armour
  9986 | D:9      | Noticed Grum
  9991 | D:9      | Reached skill level 11 in Fighting
 10011 | D:9      | Killed Grum
 10375 | D:10     | Entered Level 10 of the Dungeon
 10408 | D:9      | Found a white marble altar of Elyvilon.
 10410 | D:9      | Found a glowing golden altar of the Shining One.
 10591 | D:10     | Reached skill level 15 in Axes
 10594 | D:10     | Found a staircase to the Orcish Mines.
 10665 | D:10     | Reached skill level 5 in Armour
 10993 | D:10     | Noticed Harold
 11019 | D:10     | HP: 10/96 [Harold/bolt of fire (18)]
 11021 | D:10     | Killed Harold
 11389 | D:10     | Noticed a two-headed ogre
 11399 | D:10     | Killed a two-headed ogre
 11399 | D:10     | Reached skill level 6 in Armour
 11399 | D:10     | Reached XP level 11. HP: 102/102 MP: 10/10
 11553 | D:10     | Found a staircase to the Lair.
 11674 | D:10     | Received a gift from Trog
 11860 | D:10     | Reached skill level 16 in Axes
 11983 | Lair:1   | Entered Level 1 of the Lair of Beasts
 12335 | Lair:1   | Reached skill level 12 in Fighting
 12335 | Lair:1   | Reached skill level 7 in Armour
 12587 | Lair:1   | HP: 25/104 [poisoned by a black mamba]
 12592 | Lair:1   | HP: 18/104 [poisoned by a black mamba]
 12598 | Lair:1   | HP: 15/104 [poisoned by a black mamba]
 12603 | Lair:1   | HP: 14/104 [poisoned by a black mamba]
 12609 | Lair:1   | HP: 15/104 [poisoned by a black mamba]
 13296 | Lair:1   | HP: 26/104 [poisoned by a spiny frog]
 13301 | Lair:1   | HP: 17/104 [poisoned by a spiny frog]
 13306 | Lair:1   | HP: 13/104 [poisoned by a spiny frog]
 13311 | Lair:1   | HP: 11/104 [poisoned by a spiny frog]
 13319 | Lair:1   | HP: 10/104 [poisoned by a spiny frog]
 13327 | Lair:1   | HP: 10/104 [poisoned by a spiny frog]
 13884 | Lair:2   | Got a translucent leather armour
 13919 | Lair:2   | Found a staircase to the Snake Pit.
 14122 | Lair:2   | Identified the +2 leather armour "Sikhigg" {*Corrode rPois rF+ Int+2} (You found it on level 2 of the Lair of Beasts)
 14155 | Lair:2   | Found a staircase to the Shoals.
 14158 | Lair:2   | HP: 26/105 [blink frog (16)]
 14160 | Lair:2   | Reached skill level 17 in Axes
 14160 | Lair:2   | Reached skill level 8 in Armour
 14377 | Lair:2   | HP: 19/105 [blink frog (8)]
 14393 | Lair:2   | HP: 6/105 [blink frog (11)]
 14393 | Lair:2   | Slain by a blink frog

Vault maps used:
D:1:      saegor_arrival_fortress, minmay_split_cup_small
D:2:      zin_statuary, first_bread, uniq_sigmund
D:3:      okawaru_ov_weapons_minmay, chequers_ecumenical_altar_simple,
          uniq_natasha, uniq_jessica
D:4:      temple_statues, gup_ossuary_entry_pyramid
D:5:      tgw_xom
D:6:      serial_shops, shop, uniq_eustachio
D:7:      yredelemnul_forgotten_temple_becter, serial_bayou,
          serial_bayou_lagoon_b, serial_bayou_pond_a, serial_bayou_ford_a,
          serial_bayou_crossing, the_bakery
D:8:      serial_shops, shop, kennysheep_little_box
D:9:      nicolae_overflow_hidden_temple, basic_altar, serial_shops, shop,
          eino_small_chamber_without_monster, minmay_misc_feat_secret_circle,
          st_stairs_8, uniq_grum, uniq_psyche
D:10:     david_lair_generic, uniq_harold
Lair:2:   beast_lair_carwin_large_1, shoals_dummy_entry,
          guppyfry_snake_entry_garden, lemuel_centaur_altar
Ossuary:  ossuary_tomb_3

Skill      XL: |  1  2  3  4  5  6  7  8  9 10 11 |
---------------+----------------------------------+-----
Axes           | 4 6 7 8 9 11 14 15 17 | 17.2
Fighting       | 4 5 6 7 8 10 11 12 | 12.7
Armour         | 6 8 |  8.2
Dodging        | |  2.1

Action                   |  1- 3 |  4- 6 |  7- 9 | 10-12 || total
-------------------------+-------+-------+-------+-------++-------
Melee: Hand axe          |    80 |   115 |   422 |   281 ||   898
       Headbutt          |    14 |    21 |    78 |    94 ||   207
       Battleaxe         |       |       |       |   162 ||   162
Throw: Javelin           |       |       |       |     3 ||     3
Invok: Berserk           |     1 |     1 |       |     5 ||     7
  Use: Scroll            |       |     9 |       |       ||     9
 Stab: Sleeping          |       |     1 |       |       ||     1
  Eat: Chunk             |     2 |     8 |    13 |    18 ||    41
       Royal jelly       |       |       |     2 |     2 ||     4
       Bread ration      |       |       |       |     1 ||     1
       Fruit             |       |       |       |     1 ||     1
Armor: Animal skin       |     9 |     7 |       |       ||    16
       Scale mail        |       |    19 |     7 |       ||    26
       Chain mail        |       |       |   165 |   165 ||   330
       Leather armour    |       |       |       |     6 ||     6
Dodge: Dodged            |    41 |    61 |   127 |   134 ||   363

Vault maps used:
D:1:      saegor_arrival_fortress, minmay_split_cup_small
D:2:      zin_statuary, first_bread, uniq_sigmund
D:3:      okawaru_ov_weapons_minmay, chequers_ecumenical_altar_simple,
          uniq_natasha, uniq_jessica
D:4:      temple_statues, gup_ossuary_entry_pyramid
D:5:      tgw_xom
D:6:      serial_shops, shop, uniq_eustachio
D:7:      yredelemnul_forgotten_temple_becter, serial_bayou,
          serial_bayou_lagoon_b, serial_bayou_pond_a, serial_bayou_ford_a,
          serial_bayou_crossing, the_bakery
D:8:      serial_shops, shop, kennysheep_little_box
D:9:      nicolae_overflow_hidden_temple, basic_altar, serial_shops, shop,
          eino_small_chamber_without_monster, minmay_misc_feat_secret_circle,
          st_stairs_8, uniq_grum, uniq_psyche
D:10:     david_lair_generic, uniq_harold
Lair:2:   beast_lair_carwin_large_1, shoals_dummy_entry,
          guppyfry_snake_entry_garden, lemuel_centaur_altar
Ossuary:  ossuary_tomb_3

Table legend:
 A = Turns spent in this place as a percentage of turns spent in the entire game.
 B = Non-inter-level travel turns spent in this place as a percentage of non-inter-level travel turns spent in the entire game.
 C = Inter-level travel turns spent in this place as a percentage of turns spent in this place.
 D = Turns resting spent in this place as a percentage of non-inter-level travel turns spent in this place.
 E = Turns spent auto-exploring this place as a percentage of non-inter-level travel turns spent in this place.
 F = Non-inter-level travel turns spent in this place divided by the number of levels of this place that you've seen.
                   A       B       C       D       E      F
               +-------+-------+-------+-------+-------+----------------------
         Total | 100.0 | 100.0 |   0.5 |   3.3 |   8.3 | 342.8
       Dungeon |  82.6 |  82.6 |   0.6 |   2.5 |   8.6 | 368.0
          Lair |  13.0 |  13.1 |   0.2 |   8.1 |   5.7 | 291.5
       Ossuary |   4.3 |   4.4 |   0.0 |   5.7 |  10.8 | 194.0
               +-------+-------+-------+-------+-------+----------------------

Table legend:
 A = Kills in this place as a percentage of kills in entire the game.
 B = Kills by you in this place as a percentage of kills by you in the entire game.
 C = Kills by friends in this place as a percentage of kills by friends in the entire game.
 D = Other kills in this place as a percentage of other kills in the entire game.
 E = Experience gained in this place as a percentage of experience gained in the entire game.
 F = Experience gained in this place divided by the number of levels of this place that you have seen.
                   A       B       C       D       E      F
               +-------+-------+-------+-------+-------+----------------------
         Total | 100.0 | 100.0 |  -nan |  -nan | 100.0 | 1679.6
       Dungeon |  82.3 |  82.3 |  -nan |  -nan |  62.0 | 1354.7
          Lair |  12.7 |  12.7 |  -nan |  -nan |  37.2 | 4057.0
       Ossuary |   5.1 |   5.1 |  -nan |  -nan |   0.8 | 174.0
               +-------+-------+-------+-------+-------+----------------------
